 Dungeon Crawl Stone Soup version 0.21-a0-42-gb537e02 (webtiles) character file.

24 roguesci the Ruffian (level 2, -2/24 HPs)
             Began as a Draconian Transmuter on June 5, 2017.
             Slain by Terence
             ... wielding a +0 hand axe
              (4 damage)
             ... on level 2 of the Dungeon.
             The game lasted 00:02:52 (1144 turns).

roguesci the Ruffian (Draconian Transmuter)         Turns: 1144, Time: 00:02:52

Health: -2/24      AC:  4    Str: 11 (12) XL:     2   Next: 79%
Magic:  4/5        EV: 12    Int: 12 (13) God:
Gold:   34         SH:  0    Dex:  9 (11) Spells: 4/5 levels left

rFire    . . .     SeeInvis .     - Unarmed
rCold    . . .     Gourm    .   (no shield)
rNeg     . . .     Faith    .   (armour unavailable)
rPois    .         Spirit   .   (helmet restricted)
rElec    .         Reflect  .   (no cloak)
rCorr    .         Harm     .   (no gloves)
MR       .....                  (no boots)
Stlth    +.........             (no amulet)
Regen    0.1/turn               (no ring)
MPRegen  0.1/turn               (no ring)

@: appendage (expiring)
A: unfitting armour, horns 2, cold-blooded, AC +4
a: End Transformation


You were on level 2 of the Dungeon.
You were not hungry.
You had grown temporary horns.
You visited 1 branch of the dungeon, and saw 2 of its levels.

You collected 34 gold pieces.

Inventory:

Missiles
 a - 12 arrows
Jewellery
 l - a cursed ring of loudness {unknown}
Scrolls
 e - 2 scrolls of noise {unknown}
 f - a scroll of random uselessness {unknown}
 h - 2 scrolls of identify {unknown}
 i - 3 scrolls of fear {unknown}
 j - a scroll of remove curse {unknown}
Books
 b - a book of Changes

   Spells                             Type                      Level
   a - Beastly Appendage              Transmutation                1
   b - Sticks to Snakes               Transmutation                2
   c - Spider Form                    Transmutation/Poison         3
   d - Ice Form                       Ice/Transmutation            4
   e - Blade Hands                    Transmutation                5
Comestibles
 c - 2 bread rations
 g - 2 royal jellies
 m - a chunk of flesh


   Skills:
 * Level 1.9 Fighting
 * Level 2.1 Dodging
 + Level 0.6 Stealth
 + Level 3.1 Unarmed Combat
 * Level 2.0 Spellcasting
 + Level 2.2 Transmutations


You had 4 spell levels left.
You knew the following spells:

 Your Spells              Type           Power        Failure   Level  Hunger
a - Beastly Appendage     Tmut           #.....       11%         1    ##.....


Dungeon Overview and Level Annotations

Branches:
Dungeon (2/15)

Altars:
Uskayaw

Annotations:
D:2 Terence


Innate Abilities, Weirdness & Mutations

Your plain brown scales are hard. (AC +4)
You cannot fit into any form of body armour.
You are cold-blooded and may be slowed by cold attacks.
You have a pair of horns on your head.


Message History

Terence hits you with a hand axe.
You hit Terence but do no damage.
Terence is lightly wounded.
Terence barely misses you.
You hit Terence but do no damage.
Terence is lightly wounded.
Terence hits you with a hand axe.
* * * LOW HITPOINT WARNING * * *
You hit Terence. You headbutt Terence!
You tail-slap Terence, but do no damage.
Terence is heavily wounded.
Terence hits you with a hand axe.
* * * LOW HITPOINT WARNING * * *
You barely miss Terence.
Terence is heavily wounded.
Terence drinks a potion.
Terence is healed!
You hit Terence but do no damage.
Terence is lightly wounded.
Terence hits you with a hand axe.
You die...

##### #.# . ....#
#.# #.###.#.# #.#
.....#.# #.#
...#.#######.#
#.###.#.......#.#
#...........#.#.#
#####.<#.##@#.#.#
........#.##@#.#.#
..........##.#.#.#
#######.#.##.#.#.#
#.#....#.#.#
#.######.#.#
#.#....#.#.#
#####.#.##.#.#.#
...........#.#.#
......>........#.#


You could see Terence.

Vanquished Creatures
  A worm (D:2)
  A dart slug (D:1)
  A giant cockroach (D:1)
  5 hobgoblins
  4 bats (D:1)
  2 frilled lizards (D:1)
  3 kobolds
17 creatures vanquished.

Notes
Turn   | Place    | Note
-------+----------+-------------------------------------------
     0 | D:1      | roguesci the Draconian Transmuter began the quest for the Orb.
     0 | D:1      | Reached XP level 1. HP: 16/16 MP: 3/3
   108 | D:1      | Reached XP level 2. HP: 23/23 MP: 3/5
   585 | D:2      | Noticed a dagger
   586 | D:2      | Noticed a dagger
   589 | D:2      | Found a hide-covered altar of Uskayaw.
  1080 | D:2      | Noticed Terence
  1144 | D:2      | Slain by Terence

Vault maps used:
D:1:      minmay_arrival_diagonal_passages
D:2:      minmay_wonky_spiral, dancing_weapons_uskayaw, uniq_terence

Skill      XL: |  1 |
---------------+----+-----
Dodging        | 2 |  2.1
Fighting       | |  1.9
Stealth        | |  0.6
Unarmed Combat | |  3.1
Spellcasting   | |  2.0
Transmutations | |  2.2

Action                   || total
-------------------------++-------
Melee: Unarmed           ||   109
       Tailslap          ||    10
       Headbutt          ||     3
       Kick              ||     1
 Cast: Beastly Appendage ||     5
  Use: Potion            ||     2
 Stab: Sleeping          ||     1
  Eat: Chunk             ||     1
Armor: Skin              ||    30
Dodge: Dodged            ||    58
